 Dungeon Crawl Stone Soup version 0.23-a0-448-g1c01f63 (console) character file.

125012 utis the Eclecticist (level 16, 74/85 HPs)
             Began as a Spriggan Earth Elementalist on Nov 19, 2018.
             Was the Champion of Zin.
             Quit the game on level 14 of the Dungeon on Nov 20, 2018.
             The game lasted 03:02:48 (52232 turns).

utis the Eclecticist (Spriggan Earth Elementalist) Turns: 52232, Time: 03:02:49

Health: 74/85      AC:  8    Str:  4    XL:     16   Next: 40%
Magic:  47/47      EV: 27    Int: 22    God:    Zin [******]
Gold:   512        SH:  7    Dex: 18    Spells: 19/49 levels left

rFire    + . .     SeeInvis +   S - +5 scimitar (slice)
rCold    . . .     Gourm    .   J - +0 buckler
rNeg     . . .     Faith    .   R - +2 robe {rF+}
rPois    .         Spirit   .   W - +1 hat
rElec    .         Reflect  .   I - scarf {repulsion}
rCorr    .         Harm     .   (gloves unavailable)
MR       ++...                  (boots unavailable)
Stlth    +++++.....             (no amulet)
HPRegen  0.24/turn              O - +3 ring of protection
MPRegen  0.30/turn              n - ring "Jiass" {MP+9 Stlth+}

@: repel missiles, very quick
A: very small, unfitting armour, see invisible, herbivore, speed 3, slow
metabolism 2
a: Recite, Vitalisation, Imprison, Sanctuary, Donate Gold, Renounce Religion


You were on level 14 of the Dungeon.
You worshipped Zin.
Zin was exalted by your worship.
You were not hungry.

You visited 4 branches of the dungeon, and saw 23 of its levels.
You also visited: Labyrinth.

You collected 2611 gold pieces.
You spent 1570 gold pieces at shops.
You donated 529 gold pieces to Zin.

Inventory:

Hand Weapons
 a - a +0 dagger of electrocution
 c - a +0 blowgun {@w1}
 y - a +2 double sword of protection
 E - a +8 arbalest
 S - a +5 scimitar of slicing (weapon)
Missiles
 f - 99 stones (quivered)
 r - 67 poisoned needles
 A - 236 bolts
 B - a throwing net {=f}
 U - 2 needles of sleeping
Armour
 I - a scarf of repulsion (worn)
 J - a +0 buckler (worn)
 R - a +2 robe of fire resistance (worn)
 W - a +1 hat (worn)
Magical Staves
 b - an uncursed staff of wizardry {!a}
Jewellery
 m - an uncursed ring of protection from magic
 n - the ring "Jiass" (right hand) {MP+9 Stlth+}
   (You found it in a labyrinth)

   [ring of magical power]

   It affects your magic capacity (+9).
   It makes you more stealthy.
 C - an uncursed ring of protection from cold {=f}
 L - an uncursed ring of flight {=f}
 M - an uncursed ring of protection from magic
 N - an uncursed ring of positive energy
 O - a +3 ring of protection (left hand)
 Z - an uncursed ring of resist corrosion
Wands
 e - a wand of acid (5)
 h - a wand of paralysis (10)
 j - a wand of digging (10)
 x - a wand of flame (44)
 K - a wand of enslavement (8)
 P - a wand of iceblast (10)
 X - a wand of disintegration (9) {@e1}
Scrolls
 i - 2 scrolls of fear
 t - 5 scrolls of amnesia
 v - 9 scrolls of remove curse {@r2}
 w - 2 scrolls of magic mapping
 z - 4 scrolls of enchant armour
 D - a scroll of summoning
 F - 2 scrolls of teleportation {@r4}
 G - 4 scrolls of fog
 Q - a scroll of blinking
Potions
 g - 3 potions of ambrosia
 k - a potion of agility
 l - a potion of cancellation
 o - a potion of haste {@q3}
 p - 5 potions of flight
 q - 5 potions of curing {@q1}
 s - 5 potions of heal wounds {@q2}
 u - 3 potions of might
 Y - 3 potions of invisibility
Miscellaneous
 H - a phial of floods
 V - a lamp of fire
Comestibles
 d - 12 rations {@e1}


   Skills:
 - Level 10.0 Fighting
 + Level 5.2 Short Blades
 - Level 11.3 Dodging
 + Level 8.5 Stealth
 - Level 3.8 Shields
 - Level 17.4 Spellcasting
 - Level 8.0 Conjurations
 - Level 1.3 Transmutations
 - Level 12.0 Earth Magic
 - Level 9.0 Invocations


You had 19 spell levels left.
You knew the following spells:

 Your Spells              Type           Power        Failure   Level  Hunger
d - Mephitic Cloud        Conj/Pois/Air  ####....     3%          3    None
f - Conjure Flame         Conj/Fire      #####...     1%          3    None
o - Iron Shot             Conj/Erth      ######....   9%          6    ####...
p - Passwall              Tmut/Erth      #####...     1%          2    None
t - Lee's Rapid Deconstr  Erth           ######....   1%          5    #......
v - Blink                 Tloc           N/A          5%          2    None
w - Stone Arrow           Conj/Erth      ######       1%          3    None
y - Petrify               Tmut/Erth      #####...     2%          4    None
z - Sandblast             Erth           ######       1%          1    None
B - Summon Butterflies    Summ           ###.....     3%          1    None

Your spell library contained the following spells:

 Spells                   Type           Power        Failure   Level  Hunger
 Magic Dart               Conj           ####         1%          1    None
 Shock                    Conj/Air       ####         1%          1    None
 Throw Frost              Conj/Ice       #####.       1%          2    None
 Static Discharge         Conj/Air       #####...     1%          3    None
 Animate Skeleton         Necr           N/A          3%          1    None
 Apportation              Tloc           ###...       3%          1    None
 Confusing Touch          Hex            ###...       3%          1    None
 Corona                   Hex            ###....      3%          1    None
 Freeze                   Ice            ###.         3%          1    None
 Summon Small Mammal      Summ           ###.         3%          1    None
 Leda's Liquefaction      Hex/Erth       #####.....   3%          4    None
 Call Imp                 Summ           ###.....     5%          2    None
 Slow                     Hex            ###.....     5%          2    None
 Swiftness                Chrm/Air       ###.....     5%          2    None
 Bolt of Magma            Conj/Fire/Erth #####.....   6%          5    #......
 Throw Icicle             Conj/Ice       #####...     7%          4    None
 Call Canine Familiar     Summ           ###.....     11%         3    None
 Inner Flame              Hex/Fire       ###.....     11%         3    None
 Ozocubu's Armour         Chrm/Ice       ###.....     11%         3    None
 Portal Projectile        Hex/Tloc       ###...       11%         3    None
 Summon Guardian Golem    Hex/Summ       ###.....     11%         3    None
 Iskenderun's Battlesphe  Conj/Chrm      #####...     19%         5    #......
 Lightning Bolt           Conj/Air       #####.....   19%         5    #......
 Venom Bolt               Conj/Pois      #####.....   19%         5    #......
 Airstrike                Air            ###.......   34%         4    None
 Cause Fear               Hex            ###.......   34%         4    None
 Summon Ice Beast         Ice/Summ       ###.....     34%         4    None
 Summon Lightning Spire   Summ/Air       ###.....     34%         4    None
 Summon Mana Viper        Hex/Summ       ###.....     69%         5    #......
 Orb of Destruction       Conj           ######....   75%         7    ######.
 Spellforged Servitor     Conj/Summ      #####.....   99%         7    ######.
 Summon Hydra             Summ           ###.......   100%        7    ######.


Dungeon Overview and Level Annotations

Branches:
Dungeon (14/15) Temple (1/1) D:5 Lair (6/6) D:11 Shoals (0/4) Lair:2 Snake (0/4) Lair:4 Slime (0/5) Lair:6 Orc (2/2) D:9 Elf (0/3) Orc:2 Vaults (0/5) D:12 D:13

Altars:
Ashenzari
Cheibriados
Dithmenos
Elyvilon
Fedhas
Gozag
Hepliaklqana
Kikubaaqudgha
Makhleb
Nemelex Xobeh
Okawaru
Qazlal
Ru
Sif Muna
Trog
Uskayaw
Vehumet
Wu Jian
Xom
Yredelemnul
Zin
The Shining One
Beogh

Shops:
D:5 }   D:6 :   D:7 =   Orc:2 (:*[

Portals:
Trove: D:14 (give +5 demon blade)

Annotations:
D:6 1 runed door, Garbasso's ghost, novice DEFE
D:9 exclusion: downstairs
D:12 3 runed doors, namelastname112's ghost, journeyman DrWn


Innate Abilities, Weirdness & Mutations

You are very small and have problems with some larger weapons.
You are too small for most types of armour.
You have supernaturally acute eyesight. (SInv)
You are a herbivore.
You cover ground extremely quickly.
You need to consume almost no food.


Message History

You slash the harpy skeleton!
The harpy skeleton is heavily damaged.
The harpy skeleton completely misses you.
The harpy skeleton misses you.
The harpy skeleton completely misses you.
The harpy skeleton barely misses you. The harpy skeleton closely misses you.
You block the harpy skeleton's attack.
You slash the harpy skeleton!
The harpy skeleton is severely damaged.
You block the harpy skeleton's attack. x2
The harpy skeleton completely misses you.
The harpy skeleton claws you but does no damage.
The harpy skeleton closely misses you.
You riposte.
You hit the harpy skeleton.
The harpy skeleton is severely damaged.
The harpy skeleton misses you.
You slash the harpy skeleton!
You destroy the harpy skeleton!
Zin accepts your kill.
Enter note: you know what Are you sure you want to abandon this character and quit the game? (Confirm

▓▓▓......░ ▓.
▓........░
▓..▓........░░
▓..▓.........░
▓............░
.▓▓▓▓▓..8.!......░
.......8.8...†...░
......8.∩.8.▓▓▓..░
.......8.8.i▓ ░
........8...▓ ▓▓
............▓ ..
....€....!▓.▓ ..
..........▓.▓ ..
.▓▓▓▓▓....▓.▓ ..
+...▓....▓.▓ ..
▓..<▓....▓.▓ ..
▓...'........


There were no monsters in sight!

Vanquished Creatures
  Rupert (Lair:3)
  Frances (D:12)
  An orc warlord (Orc:2)
  Nessos (D:12)
  6 dire elephants (Lair:6)
  A minotaur (Lab)
  The ghost of Fapouwn the Cleaver, a journeyman DsFi of Okawaru (Orc:1)
  3 hydras
  A centaur warrior (D:13)
  4 two-headed ogres
  An anaconda (Lair:6)
  An orc high priest (Orc:2)
  A tengu warrior (D:13)
  Urug (Lair:3)
  2 deep elf knights (D:13)
  3 death yaks (Lair:5)
  Nergalle (Orc:2)
  2 deep elf archers (D:13)
  5 orc knights
  Pikel (D:8)
  14 deep elf magi (D:13)
  4 cyclopes
  An orc sorcerer (Orc:2)
  3 oklob plants (Lair:6)
  10 ugly things
  19 elephants
  Maurice (D:9)
  4 black mambas
  2 centaur zombies
  3 merfolk sirens (Lair:2)
  Joseph (Lair:1)
  A black mamba (shapeshifter) (D:13)
  4 gargoyles
  3 torpor snails (Lair:4)
  9 spiny frogs
  9 komodo dragons
  2 rime drakes
  A merfolk (Lair:2)
  2 queen bees
  2 trolls
  3 meliai (D:13)
  A harpy skeleton (D:14)
  4 polar bears (Lair:3)
  5 dream sheep (Lair:6)
  A slime creature (D:12)
  9 hippogriffs
  23 blink frogs
  Sigmund (D:2)
  A redback (Lab)
  A wraith (D:13)
  16 humans
  51 yaks
  2 vampires
  4 hungry ghosts
  A basilisk (Lair:2)
  A human (shapeshifter) (D:14)
  5 wyverns
  A steam dragon (D:12)
  7 wargs
  A soldier ant (D:13)
  3 nagas (Lair:4)
  An acid dragon (D:11)
  13 water moccasins
  Duvessa (D:5)
  9 porcupines
  8 black bears
  2 ice beasts
  A slave (D:8)
  32 orc warriors
  2 hornet zombies
  2 sky beasts
  2 necrophages
  7 wolves
  14 ogres
  7 crocodiles
  9 centaurs
  2 big kobolds
  23 bullfrogs
  A wyvern zombie (D:13)
  Dowan (D:5)
  A scorpion (D:7)
  A wyvern skeleton (D:14)
  31 killer bees
  6 wights
  2 howler monkeys
  An electric eel (D:8)
  5 crimson imps
  4 lava snakes (Lab)
  A quasit (D:6)
  22 orc priests
  4 jellies
  5 hounds
  4 centaur skeletons
  27 orc wizards
  2 bullfrog skeletons
  7 iguanas
  11 worker ants
  Natasha (thrice) (D:4)
  2 ogre skeletons (Lab)
  A hound zombie (D:6)
  A hound skeleton (D:11)
  A worker ant zombie (D:6)
  A howler monkey zombie (D:7)
  15 adders
  6 gnolls
  A howler monkey skeleton (D:7)
  4 shadow imps
  3 oozes
  An adder zombie (D:6)
  2 worms
  2 leopard geckos
  78 orcs
  10 bats
  8 giant cockroaches
  14 goblins
  10 hobgoblins
  11 jackals
  18 kobolds
  6 quokkas
  4 frilled lizards
  A leopard gecko skeleton (D:5)
  A quokka skeleton (D:5)
  4 rats
  A fungus (Lair:3)
  A plant (Lair:6)
755 creatures vanquished.

Vanquished Creatures (others)
  2 dream sheep (Lair:6)
  A yak (Lair:6)
  A slave (D:8)
  A killer bee (D:8)
  17 fungi
  29 plants
51 creatures vanquished.

Grand Total: 806 creatures vanquished

Notes
Turn   | Place    | Note
-------+----------+-------------------------------------------
     0 | D:1      | utis the Spriggan Earth Elementalist began the quest for
                  | the Orb.
     0 | D:1      | Reached XP level 1. HP: 9/9 MP: 5/5
   207 | D:1      | Reached skill level 3 in Spellcasting
   260 | D:1      | Reached XP level 2. HP: 11/13 MP: 7/7
   470 | D:1      | Found a sparkling altar of Nemelex Xobeh.
  1079 | D:2      | Noticed Sigmund
  1250 | D:1      | Reached XP level 3. HP: 16/16 MP: 9/9
  1364 | D:1      | Learned a level 3 spell: Stone Arrow
  1456 | D:2      | Found a basalt altar of Yredelemnul.
  1645 | D:2      | let's try
  1964 | D:2      | Reached skill level 4 in Spellcasting
  2377 | D:2      | Reached XP level 4. HP: 20/21 MP: 1/11
  2948 | D:2      | Killed Sigmund
  2948 | D:2      | Reached skill level 5 in Spellcasting
  2948 | D:2      | Reached XP level 5. HP: 20/24 MP: 3/14
  3262 | D:3      | Learned a level 2 spell: Passwall
  3268 | D:3      | Learned a level 5 spell: Lee's Rapid Deconstruction
  3273 | D:3      | Learned a level 4 spell: Petrify
  3307 | D:3      | Reached XP level 6. HP: 25/28 MP: 15/15
  3420 | D:3      | Noticed a hippogriff
  3454 | D:3      | Killed a hippogriff
  3454 | D:3      | Reached skill level 6 in Spellcasting
  3454 | D:3      | Reached skill level 5 in Earth Magic
  4322 | D:3      | Reached XP level 7. HP: 22/32 MP: 14/18
  4605 | D:4      | Noticed Natasha
  4615 | D:4      | Killed Natasha
  4681 | D:4      | Noticed Natasha
  4684 | D:4      | Killed Natasha
  4684 | D:4      | Reached skill level 7 in Spellcasting
  5282 | D:4      | Noticed Natasha
  5376 | D:4      | Killed Natasha
  6179 | D:5      | Entered Level 5 of the Dungeon
  6198 | D:5      | Reached skill level 8 in Spellcasting
  6324 | D:5      | Reached XP level 8. HP: 36/36 MP: 17/21
  6390 | D:5      | Found Daashy's Gadget Emporium.
  6451 | D:5      | Noticed Duvessa
  6464 | D:5      | Killed Duvessa
  6464 | D:5      | Noticed Dowan
  6552 | D:5      | Killed Dowan
  6986 | D:5      | Found a staircase to the Ecumenical Temple.
  8240 | D:6      | Found Qefaum's Book Shoppe.
  8258 | D:6      | Reached skill level 9 in Spellcasting
  8663 | D:6      | Reached skill level 1 in Fighting
  8832 | D:6      | Found a runed door.
  9341 | D:6      | sh
  9349 | D:5      | Reached XP level 9. HP: 44/44 MP: 16/23
 10079 | D:6      | Noticed Garbasso's ghost (novice DEFE)
 10189 | D:6      | Reached skill level 5 in Dodging
 10510 | D:7      | Found Celecrut's Jewellery Shop.
 10998 | D:7      | Reached skill level 1 in Conjurations
 11719 | D:8      | Reached skill level 10 in Spellcasting
 12135 | D:8      | Noticed Pikel
 12182 | D:8      | Killed Pikel
 12182 | D:8      | Reached XP level 10. HP: 49/49 MP: 14/25
 12472 | D:8      | Reached skill level 11 in Spellcasting
 13866 | D:9      | Found a staircase to the Orcish Mines.
 13941 | D:9      | Noticed Maurice
 14032 | D:9      | Killed Maurice
 14248 | D:9      | Reached skill level 12 in Spellcasting
 14748 | D:9      | Reached skill level 10 in Earth Magic
 15219 | D:9      | cute
 15245 | D:10     | Entered Level 10 of the Dungeon
 15245 | D:10     | Noticed a gargoyle
 15526 | D:10     | Reached skill level 5 in Fighting
 15527 | D:10     | nice
 15559 | D:10     | Reached XP level 11. HP: 56/56 MP: 22/28
 16832 | D:11     | Found a roughly hewn altar of Beogh.
 17745 | D:11     | Noticed a brown ugly thing
 17760 | D:11     | Killed a brown ugly thing
 17975 | D:11     | Found a staircase to the Lair.
 18059 | D:11     | Reached skill level 13 in Spellcasting
 19505 | Lair:1   | Entered Level 1 of the Lair of Beasts
 19630 | D:6      | Bought a book of Power for 450 gold pieces
 19637 | D:6      | Learned a level 6 spell: Iron Shot
 20234 | Lair:1   | Noticed Joseph
 20253 | Lair:1   | Killed Joseph
 21234 | Lair:2   | Reached skill level 14 in Spellcasting
 21393 | Lair:2   | Reached XP level 12. HP: 51/61 MP: 24/31
 21905 | Lair:2   | Reached skill level 5 in Conjurations
 21973 | Lair:2   | Found a staircase to the Shoals.
 22571 | Lair:3   | Noticed Rupert
 22618 | Lair:3   | Killed Rupert
 24310 | Lair:3   | Reached skill level 10 in Dodging
 24843 | Lair:3   | Noticed Urug
 25511 | Lair:3   | Killed Urug
 25993 | Lair:4   | Found a snail-covered altar of Cheibriados.
 26130 | Lair:4   | Reached XP level 13. HP: 68/68 MP: 26/32
 26916 | Lair:4   | Found a staircase to the Snake Pit.
 28335 | Lair:5   | forgot a god
 29510 | Lair:6   | Entered Level 6 of the Lair of Beasts
 29757 | Temple   | Entered the Ecumenical Temple
 30020 | Temple   | Became a worshipper of Zin the Law-Giver
 30020 | Temple   | Reached * piety under Zin
 30020 | Temple   | Reached ** piety under Zin
 30022 | Temple   | Donated 313 gold pieces to Zin
 30290 | Lair:6   | Reached skill level 1 in Invocations
 32077 | Lair:6   | Reached skill level 5 in Invocations
 32415 | Lair:6   | Reached skill level 15 in Spellcasting
 32864 | Lair:6   | Learned a level 1 spell: Summon Butterflies
 34084 | Lair:6   | Reached XP level 14. HP: 76/76 MP: 16/34
 34466 | Lair:6   | Reached skill level 10 in Fighting
 34473 | Lair:6   | Found a staircase to the Slime Pits.
 34748 | Lair:6   | Reached skill level 16 in Spellcasting
 34748 | Lair:6   | Reached XP level 15. HP: 80/80 MP: 34/36
 35268 | Lair:6   | Reached *** piety under Zin
 36719 | Lair:6   | ooops
 37553 | Lair:6   | Found a staircase to the Slime Pits.
 39199 | Orc:1    | Entered Level 1 of the Orcish Mines
 39582 | Orc:1    | Reached **** piety under Zin
 39679 | Orc:1    | Found a runed door.
 39679 | Orc:1    | Noticed Fapouwn's ghost (journeyman DsFi)
 40185 | Orc:1    | Reached ***** piety under Zin
 40331 | Orc:1    | Killed Fapouwn's ghost
 40482 | Orc:2    | Entered Level 2 of the Orcish Mines
 40934 | Orc:2    | Noticed an orc warlord
 40956 | Orc:2    | Killed an orc warlord
 41337 | Orc:2    | Noticed Nergalle
 42559 | Orc:2    | Found a staircase to the Elven Halls.
 43619 | Orc:2    | Killed Nergalle
 43823 | Orc:2    | Found a roughly hewn altar of Beogh.
 44178 | Orc:2    | Found Hymitwor's General Store.
 44232 | Orc:2    | Found Dube's Antique Armour Emporium.
 44274 | Orc:2    | Found Simysun's Book Emporium.
 44292 | Orc:2    | Found Sipearph's Antique Weapon Emporium.
 44399 | Orc:2    | Bought a scroll of acquirement for 624 gold pieces
 44519 | Orc:2    | Bought a book of Minor Magic for 300 gold pieces
 44536 | Orc:2    | Bought an embroidered hat for 196 gold pieces
 44545 | Orc:2    | Learned a level 3 spell: Conjure Flame
 44549 | Orc:2    | Learned a level 3 spell: Mephitic Cloud
 44552 | Orc:2    | Learned a level 2 spell: Blink
 44935 | D:12     | Found a runed gate.
 44936 | D:12     | Found a runed gate.
 44938 | D:12     | Found a runed gate.
 45075 | D:12     | Noticed namelastname112's ghost (journeyman DrWn)
 45235 | D:12     | Noticed Frances
 45264 | D:12     | Noticed Nessos
 46107 | D:12     | Reached skill level 1 in Shields
 46215 | D:12     | Reached ****** piety under Zin
 46328 | D:12     | Killed Frances
 46622 | D:12     | Killed Nessos
 46980 | D:13     | Found a labyrinth entrance.
 47114 | Lab      | Entered a labyrinth
 47866 | Lab      | Got a warped granite ring
 47868 | Lab      | Identified the ring "Jiass" {MP+9 Stlth+} (You found it in
                  | a labyrinth)
 48136 | D:13     | Found a gate to the Vaults.
 48371 | D:13     | Reached XP level 16. HP: 85/85 MP: 34/37
 48414 | D:13     | Reached skill level 17 in Spellcasting
 49348 | D:13     | I suppose playing this as a blaster is futile.
 49348 | D:13     | my my my
 50128 | D:13     | Reached skill level 1 in Short Blades
 50523 | D:13     | Reached skill level 5 in Stealth
 50679 | D:13     | Identified the +2 robe "Zeckibbo" {rN+}
 51819 | D:13     | Reached skill level 5 in Short Blades
 52209 | D:14     | Found a portal to a secret trove of treasure.
 52232 | D:14     | you know what
 52232 | D:14     | Quit the game

Vault maps used:
D:1:      dpeg_arrival_chase, nemelex_diamond_rough_becter
D:2:      old_standard_altar, first_ration, uniq_sigmund
D:4:      uniq_natasha
D:5:      minmay_temple_entry_statues, serial_shops, nicolae_shop_trees,
          uniq_duvessa
D:6:      hellmonk_ghost_happy_afterlife, serial_shops, shop
D:7:      serial_shops, shop
D:8:      david_nohive_1, serial_bayou_lagoon_a, uniq_pikel
D:9:      uniq_maurice
D:11:     minmay_fractal_squares_gapless_5
D:12:     maelrawn_ghost_labyrinth_escape, nooodl_food_tri, uniq_frances,
          uniq_nessos
D:13:     minmay_elf_outpost, david_vaults_3, lab_entry_generic,
          nicolae_looking_at_the_future
D:14:     regret_index_wax_grids, minmay_misc_feat_secret_circle, enter_trove_2
Temple:   roderic_octagonal_lattice_temple
Lair:1:   uniq_joseph
Lair:2:   elwin_shoals_entry_stream, st_stairs_13
Lair:3:   beast_lair_carwin_large_3, grunt_megastairs_5, uniq_urug, uniq_rupert
Lair:4:   minmay_snake_entry_guardpost_small, kennysheep_snail_temple
Lair:5:   lemuel_fruit_tree
Lair:6:   due_jungle_book, nicolae_slime_entry_slimehenge, serial_bayou_pond_a,
          grunt_megastairs_4, minmay_lair_oklob_chamber, serial_bayou_shore_b
Orc:1:    cheibrodos_orc_guarddog, gammafunk_ghost_grave
Orc:2:    grunt_orc_cross
Lab:      nicolae_lab_plus, labyrinth_lava_lair, labyrinth_skeletal_remains

Skill      XL: |  1  2  3  4  5  6  7  8  9 10 11 12 13 14 15 16 |
---------------+-------------------------------------------------+-----
Spellcasting   | 3 4 5 6 8 9 10 12 14 15 16 17 | 17.4
Earth Magic    | 3 4 5 6 7 8 10 11 12 | 12.0
Fighting       | 3 5 6 8 9 10 | 10.0
Dodging        | 7 8 11 | 11.3
Conjurations   | 2 3 5 6 8 |  8.0
Invocations    | 5 9 |  9.0
Shields        | 3 |  3.8
Short Blades   | 5 |  5.2
Stealth        | 8 |  8.5
Transmutations | |  1.3

Action                   |  1- 3 |  4- 6 |  7- 9 | 10-12 | 13-15 | 16-18 || total
-------------------------+-------+-------+-------+-------+-------+-------++-------
Melee: Whip              |    22 |       |       |       |       |       ||    22
       Dagger            |   114 |   109 |    66 |     4 |       |   118 ||   411
       Quarterstaff      |       |       |   106 |    99 |       |       ||   205
       Short sword       |       |       |       |    15 |    36 |       ||    51
       Scimitar          |       |       |       |       |   149 |    79 ||   228
 Fire: Hunting sling     |       |     2 |    23 |       |       |       ||    25
       Blowgun           |       |       |    68 |    43 |       |       ||   111
       Hand crossbow     |       |       |    45 |    80 |    52 |       ||   177
Throw: Stone             |       |       |     1 |     1 |     4 |       ||     6
 Cast: Sandblast         |    25 |    22 |    62 |   233 |   156 |    10 ||   508
       Stone Arrow       |     3 |     4 |    77 |   260 |   471 |    33 ||   848
       Lee's Rapid Decon |       |       |       |    29 |    67 |    36 ||   132
       Petrify           |       |       |       |     4 |    16 |    58 ||    78
       Iron Shot         |       |       |       |       |    57 |     2 ||    59
Invok: Donate Gold       |       |       |       |       |     2 |       ||     2
Evoke: Wand              |       |       |       |       |     4 |       ||     4
  Use: Scroll            |     1 |     4 |     8 |     4 |    16 |     1 ||    34
       Potion            |     1 |       |       |     2 |     5 |       ||     8
 Stab: Sleeping          |     7 |     7 |     7 |       |       |     5 ||    26
       Petrified         |       |       |       |       |    14 |    34 ||    48
       Petrifying        |       |       |       |       |     1 |    16 ||    17
  Eat: Ration            |       |     1 |     4 |     8 |    19 |     1 ||    33
Armor: Robe              |    11 |    17 |    11 |    23 |    23 |    21 ||   106
Dodge: Dodged            |   125 |    67 |   246 |   341 |   499 |   199 ||  1477
       Deflected         |       |       |       |     5 |    21 |    13 ||    39
Block: Buckler           |       |       |       |       |     5 |    86 ||    91
       Rpst.: Scimitar   |       |       |       |       |    61 |    25 ||    86

Table legend:
 A = Non-vault XP
 B = Vault XP
 C = Vault XP percentage of total XP
 D = Non-vault monster count
 E = Vault monster count
 F = Vault count percentage of total count
                 A         B        C        D         E       F
            +---------+---------+-------+---------+---------+-------
      Total |   80476 |   58535 |  42.1 |     543 |     210 |  27.9
            +---------+---------+-------+---------+---------+-------
        D:1 |      41 |       0 |   0.0 |      22 |       0 |   0.0
        D:2 |      99 |     231 |  70.0 |      29 |       1 |   3.3
        D:3 |     382 |       0 |   0.0 |      28 |       0 |   0.0
        D:4 |     339 |      35 |   9.4 |      14 |       1 |   6.7
        D:5 |     724 |     220 |  23.3 |      20 |       2 |   9.1
        D:6 |    1203 |       0 |   0.0 |      32 |       0 |   0.0
        D:7 |     888 |       0 |   0.0 |      23 |       0 |   0.0
        D:8 |    1306 |    1831 |  58.4 |      18 |      17 |  48.6
        D:9 |    1936 |     469 |  19.5 |      24 |       1 |   4.0
       D:10 |    2346 |       0 |   0.0 |      22 |       0 |   0.0
       D:11 |    2483 |    2191 |  46.9 |      32 |      31 |  49.2
       D:12 |    5266 |    7490 |  58.7 |      36 |      12 |  25.0
       D:13 |    6246 |   17428 |  73.6 |      27 |      47 |  63.5
       D:14 |    3328 |     198 |   5.6 |       9 |       4 |  30.8
     Lair:1 |    2701 |     434 |  13.8 |      12 |       1 |   7.7
     Lair:2 |    6304 |    1790 |  22.1 |      29 |       5 |  14.7
     Lair:3 |    3866 |    5827 |  60.1 |      14 |      13 |  48.1
     Lair:4 |    4760 |    1753 |  26.9 |      21 |       6 |  22.2
     Lair:5 |   12987 |     343 |   2.6 |      42 |       1 |   2.3
     Lair:6 |   16897 |    8515 |  33.5 |      39 |      23 |  37.1
      Orc:1 |    1277 |    1811 |  58.6 |      16 |       6 |  27.3
      Orc:2 |    3851 |    7514 |  66.1 |      33 |      32 |  49.2
        Lab |    1246 |     455 |  26.7 |       1 |       7 |  87.5
            +---------+---------+-------+---------+---------+-------
